 Dungeon Sprint DCSS version 0.30-a0-779-g7971cf19c3 (webtiles) character file.

Game seed: 2965629683647669192

1065 dialectric the Unseen (level 8, -11/55 HPs)
             Began as an Octopode Brigand on Feb 17, 2023.
             Mangled by a wyvern (19 damage)
             ... in the Dungeon (Sprint II: "The Violet Keep of Menkaure").
             The game lasted 00:02:16 (345 turns).

dialectric the Unseen (Octopode Brigand)             Turns: 345, Time: 00:02:16

Health: -11/55     AC:  1    Str: 10    XL:     8   Next: 27%
Magic:  8/8        EV: 16    Int: 13    God:
Gold:   146        SH:  0    Dex: 16    Spells: 7/7 levels left

rFire   . . .      SeeInvis .    a - +2 dagger
rCold   . . .      Faith    .    (no shield)
rNeg    . . .      Spirit   .    (helmet restricted)
rPois   .          Reflect  .    e - amulet of the acrobat
rElec   .          Harm     .    (no ring)
rCorr   .          Rampage  .    (no ring)
Will    .....      NoTele   +    (no ring)
Stlth   ++++++++                 (no ring)
HPRegen 0.29/turn                (no ring)
MPRegen 0.11/turn                (no ring)
                                 (no ring)
                                 (no ring)

@: no status effects
A: almost no armour, amphibious, 8 rings, camouflage 1, gelatinous body 1,
(nimble swimmer 1), tentacles
a: no special abilities


You were in the Dungeon.
You visited 1 branch You collected 729 gold pieces.
You spent 583 gold pieces at shops.

Inventory:

Hand Weapons
 a - a +2 dagger (weapon)
Missiles
 b - 9 poisoned darts (quivered)
 c - 3 curare-tipped darts
Jewellery
 e - an amulet of the acrobat (around mantle)
Scrolls
 d - a scroll of poison
 i - a scroll of blinking
Potions
 f - a potion of haste
 g - 2 potions of magic
 h - a potion of berserk rage


   Skills:
 + Level 5.3 Fighting
 * Level 6.4 Short Blades
 - Level 5.0 Throwing
 - Level 6.2 Dodging
 + Level 19.5 Stealth


You had 7 spell levels left.
You didn't know any spells.
Your spell library was empty.

Dungeon Overview and Level Annotations

Branches:
Dungeon (1/1)

Altars:

Shops:
D [:=(!=:[:=?*:?!

Annotations:
D exclusion: oklob plant, Kirke


Innate Abilities, Weirdness & Mutations

You cannot wear most types of armour.
You are amphibious.
You can wear up to eight rings at the same time.
Your skin changes colour to match your surroundings (Stealth+).
Your rubbery body absorbs attacks. (AC +1, EV +1)
((You are camouflaged when in or above water. (Stealth+)))
You have tentacles for arms and can constrict up to eight enemies at once.


Message History

You open the door.
There is an open door here.
You enter the shallow water.
An elephant, a centaur warrior, Kirke, a yaktaur captain, a kobold demonologist and a skeletal warrior come into view.
Found 81 gold pieces.
The skeletal warrior closely misses you.
You hit the skeletal warrior but do no damage.
You grab the skeletal warrior.
You constrict the skeletal warrior, but do no damage.
Kirke shouts!
The yaktaur captain shouts!
The elephant trumpets!
You release your grip on the skeletal warrior.
The skeletal warrior attacks as you move away!
The skeletal warrior closely misses you.
You enter the shallow water.
Kirke mumbles some strange words.
Kirke summons a lindwurm!
There's nothing to close nearby.
The kobold demonologist looks satisfied for a moment.
The yaktaur captain wields a +0 arbalest.
The yaktaur captain shoots a bolt.
The bolt hits you!!!
Ouch! That really hurt!
* * * LOW HITPOINT WARNING * * *
There is an open door here.
You close the door.
You see here a necrophage skeleton.
There is an open door here.
You see here a necrophage skeleton.
There is a staircase leading out of the dungeon here.
You open the door. 2 wyverns come into view.
Found 243 gold pieces.
The wyvern hisses angrily.
There is an open door here.
The wyvern attacks as you move away! The wyvern barely misses you.
The wyvern completely misses you.
The wyvern hisses angrily.
You see here 243 gold pieces.
You barely miss the wyvern. The wyvern closely misses you.
The wyvern bites you!!
You die...

#YkcK.~## §≈≈≈
#######@~#+++#+++##
######~~~.........#
.....#~~~~.##'##..#
.⌠...#~~~~##...##
∩.∩..#~z~~#..#).#
.∩.∩.#~~####...####
∩.∩.∩#~##.###'###l#
...∩.#~#..÷##.##@#
....∩'~+.##÷.<.l##
.....#~#..÷##.##.#
▓▓▓###~##.###'###.#
######~~####.#.####
#J ##~~~#..#..# +.$
#'#~###.### ~ #$##
#[#~~##'##~~§≈
###§§
####~~~~~~~~§~≈


You could see 2 wyverns.

Vanquished Creatures
  A merfolk siren (D)
  Menkaure (D)
  A water moccasin (D)
  5 scorpions (D)
  4 necrophages (D)
12 creatures vanquished.

Notes
Turn   | Place    | Note
-------+----------+-------------------------------------------
     0 | D        | dialectric the Octopode Brigand began the quest for the
                  | Orb.
     0 | D        | Reached XP level 1. HP: 14/14 MP: 1/1
     1 | D        | Noticed a necrophage
     1 | D        | Noticed a necrophage
     1 | D        | Noticed a necrophage
     1 | D        | Noticed a necrophage
     3 | D        | Killed a necrophage
     4 | D        | Reached skill level 10 in Stealth
     4 | D        | Reached XP level 2. HP: 20/20 MP: 2/2
     4 | D        | Reached XP level 3. HP: 25/25 MP: 3/3
     4 | D        | Reached XP level 4. HP: 30/30 MP: 4/4
     8 | D        | Killed a necrophage
     9 | D        | Reached skill level 12 in Stealth
     9 | D        | Reached XP level 5. HP: 36/36 MP: 5/5
    13 | D        | Reached skill level 13 in Stealth
    15 | D        | Reached skill level 14 in Stealth
    15 | D        | Reached XP level 6. HP: 43/43 MP: 6/6
    51 | D        | Noticed a merfolk siren
    54 | D        | Killed a merfolk siren
    55 | D        | Reached skill level 17 in Stealth
    55 | D        | Reached XP level 7. HP: 49/49 MP: 7/7
    60 | D        | Noticed Menkaure
    61 | D        | Found Itiusos's Magic Scroll Shoppe.
    61 | D        | Found Kilikh's Distillery.
    62 | D        | Killed Menkaure
    63 | D        | Reached skill level 5 in Short Blades
    63 | D        | Reached skill level 5 in Throwing
    63 | D        | Reached skill level 18 in Stealth
    80 | D        | Reached skill level 5 in Fighting
    85 | D        | Reached XP level 8. HP: 47/55 MP: 8/8
    93 | D        | Reached skill level 19 in Stealth
   112 | D        | Found Zam Beh's Book Shoppe.
   112 | D        | Found Halealifo's Magic Scroll Emporium.
   112 | D        | Found Muclesm's General Store.
   112 | D        | Found Kuohia's Book Shoppe.
   112 | D        | Found Ucouloh's Jewellery Shoppe.
   123 | D        | Noticed an ice statue
   136 | D        | Found Puotig's Antique Armour Shoppe.
   137 | D        | Found Xydwuhyq's Jewellery Shoppe.
   137 | D        | Found Podojext's Distillery.
   137 | D        | Found Kunen's Book Emporium.
   144 | D        | Found Lahizoh's Antique Weapon Shoppe.
   144 | D        | Found Somarugh's Jewellery Emporium.
   144 | D        | Noticed an oklob plant
   145 | D        | Found Meifreiz's Antique Armour Emporium.
   145 | D        | Found Yleqery's Book Shoppe.
   146 | D        | Noticed a manticore
   147 | D        | Noticed a manticore
   156 | D        | HP: 2/55 [poisoned by a water moccasin]
   157 | D        | Bought a potion of heal wounds for 55 gold pieces
   295 | D        | Bought a scroll of poison for 48 gold pieces
   296 | D        | Bought an amulet of the acrobat for 420 gold pieces
   302 | D        | Noticed a slime creature
   302 | D        | Noticed a slime creature
   304 | D        | Noticed a manticore
   308 | D        | Bought a potion of berserk rage for 60 gold pieces
   322 | D        | Noticed an elephant
   322 | D        | Noticed a centaur warrior
   322 | D        | Noticed Kirke
   322 | D        | Noticed a yaktaur captain
   322 | D        | Noticed a kobold demonologist
   322 | D        | Noticed a skeletal warrior
   326 | D        | Noticed a lindwurm
   342 | D        | Noticed a wyvern
   342 | D        | Noticed a wyvern
   345 | D        | Mangled by a wyvern

Illustrated notes

Levels and vault maps discovered:
D:        the_violet_keep_of_menkaure [sprint2_stairs_cluster_1,
          sprint2_shoproom, sprint2_temple, sprint2_basic_supplies,
          sprint2_obstacle_2, sprint2_obstacle_3, sprint2_obstacle_5,
          sprint2_obstacle_4, sprint2_obstacle_6, sprint2_timed_cluster_1,
          sprint2_smallroom_cluster_1, sprint2_smallroom_final_cluster_1,
          sprint2_transparent_cluster_1, sprint2_second_timed_cluster_1,
          sprint2_sniper_area_1, sprint2_heavy_combat_area_1,
          sprint2_mutation_trap_area_1, sprint2_forest_area_1,
          sprint2_light_combat_area_1, sprint2_behind_water_1,
          sprint2_near_end_vault_1]

Skill      XL: |  1  2  3  4  5  6  7  8 |
---------------+-------------------------+-----
Stealth        | 10 12 14 17 18 19 | 19.5
Fighting       | 3 4 5 |  5.3
Short Blades   | 3 4 5 6 |  6.4
Throwing       | 3 4 5 |  5.0
Dodging        | 2 4 6 |  6.2

Action                     |  1- 3 |  4- 6 |  7- 9 || total
---------------------------+-------+-------+-------++-------
  Melee: Dagger            |     1 |    11 |    38 ||    50
         Tentacles         |     1 |     1 |    11 ||    13
         Constrict         |       |     3 |     6 ||     9
         Punch             |       |     1 |     2 ||     3
  Throw: Dart              |       |       |     1 ||     1
    Use: Potion            |     1 |       |     3 ||     4
   Stab: Sleeping          |       |     1 |     2 ||     3
 Armour: Skin              |       |     1 |       ||     1
  Dodge: Dodged            |       |     7 |    25 ||    32

Table legend: (Time is in decaauts)
 A = Elapsed time spent in this place.
 B = Non-inter-level travel time spent in this place.
 C = Inter-level travel time spent in this place.
 D = Time resting spent in this place.
 E = Time spent auto-exploring this place.
 F = Levels seen in this place.
 G = Mean time per level.
                   A        B        C        D        E       F      G
               +--------+--------+--------+--------+--------+-----+--------+
         Total |    343 |    343 |      0 |    134 |     62 |   1 |  343.0 |
       Dungeon |    343 |    343 |      0 |    134 |     62 |   1 |  343.0 |
               +--------+--------+--------+--------+--------+-----+--------+

Top non-repeatable levels by time:
       D: 343 daAuts
